 Dungeon Crawl Stone Soup version 0.28.0-45-g0d030f2227 (webtiles) character file.

Game seed: 10235516537427977406

408 Gabide the Magician (level 6, -4/44 HPs)
             Began as a Mummy Necromancer on Apr 17, 2022.
             Slain by a gnoll
             ... wielding a +0 flail
              (9 damage)
             ... on level 3 of the Dungeon.
             The game lasted 00:08:39 (4519 turns).

Gabide the Magician (Mummy Necromancer)             Turns: 4519, Time: 00:08:40

Health: -4/44      AC:  4    Str: 11    XL:     6   Next: 57%
Magic:  3/15       EV: 12    Int: 17    God:
Gold:   128        SH:  0    Dex: 12    Spells: 9/17 levels left

rFire   x . .      SeeInvis .   i - +1 scythe (freeze)
rCold   + . .      Faith    .   (shield currently unavailable)
rNeg    + + +      Spirit   .   a - +0 robe
rPois   ∞          Reflect  .   (no helmet)
rElec   .          Harm     .   (no cloak)
rCorr   .          Rampage  .   (no gloves)
Will    +....                   b - +1 pair of boots
Stlth   ++........              (no amulet)
HPRegen 0.14/turn               j - ring of willpower
MPRegen 0.14/turn               e - ring of wizardry

@: no status effects
A: cold resistance 1, negative energy resistance 3, torment resistance 2, heat
vulnerability 1, no potions
a: no special abilities


You were on level 3 of the Dungeon.
You visited 1 branch of the dungeon, and saw 4 of its levels.

You collected 128 gold pieces.

Inventory:

Hand Weapons
 i - a +1 scythe of freezing (weapon)
Armour
 a - a +0 robe (worn)
 b - a +1 pair of boots (worn)
Jewellery
 c - a +6 ring of strength
 e - a ring of wizardry (right hand)
 j - a ring of willpower (left hand)
Wands
 h - a wand of polymorph (11)
 m - a wand of acid (4)
Scrolls
 d - a scroll of enchant armour {unknown}
 f - a scroll of magic mapping {unknown}
 g - a scroll of blinking {unknown}
 k - 2 scrolls of torment
 l - a scroll of amnesia {unknown}


   Skills:
 * Level 1.9 Fighting
 * Level 2.3 Dodging
 + Level 1.6 Stealth
 * Level 6.1 Spellcasting
 * Level 5.6 Necromancy


You had 9 spell levels left.
You knew the following spells:

 Your Spells              Type           Power      Damage    Failure   Level
a - Pain                  Necr           96%        1d8       1%          1
b - Vampiric Draining     Necr           24%        2d7       1%          3
c - Animate Dead          Necr           12%        N/A       5%          4

Your spell library contained the following spells:

 Spells                   Type           Power      Damage    Failure   Level
 Animate Skeleton         Necr           48%        N/A       1%          1
 Agony                    Necr           24%        N/A       14%         5
 Conjure Flame            Conj/Fire      5%         6-21      16%         3
 Ignite Poison            Fire/Tmut/Pois 5%         N/A       16%         3
 Sticky Flame             Conj/Fire      5%         2d3       43%         4


Dungeon Overview and Level Annotations

Branches:
Dungeon (4/15)
 Temple: D:4-7

Altars:


Innate Abilities, Weirdness & Mutations

You are immune to poison.
Your flesh is cold resistant. (rC+)
You are immune to negative energy. (rN+++)
You are immune to unholy pain and torment.
You are vulnerable to heat. (rF-)
You do not drink.


Message History

You are too injured to fight recklessly!
You are too injured to fight recklessly!
You are too injured to fight recklessly!
You are too injured to fight recklessly!
You are too injured to fight recklessly!
You are too injured to fight recklessly!
You are too injured to fight recklessly!
You are too injured to fight recklessly!
You are too injured to fight recklessly!
You are too injured to fight recklessly!
You are too injured to fight recklessly!
You are too injured to fight recklessly!
You are too injured to fight recklessly!
You are too injured to fight recklessly!
You are too injured to fight recklessly!
You are too injured to fight recklessly!
You are too injured to fight recklessly!
Casting: Pain (safe; 1% risk of failure)
Confirm with . or Enter, or press ? or * to list all spells.
Aiming: Vampiric Draining (safe; 1% risk of failure)
Press: ? - help, Shift-Dir - straight line, f/p - gnoll
Aim: a gnoll, wielding a +0 club (almost dead)
You draw life force from the gnoll.
You kill the gnoll!
The gnoll barely misses you. The gnoll hits you with a +0 flail!
* * * LOW HITPOINT WARNING * * *
The gnoll hits you but does no damage.
The gnoll hits you from afar with a +0 halberd!
* * * LOW HITPOINT WARNING * * *
The gnoll misses you. x2
You climb upwards.
There is a stone staircase leading down here.
Casting: Vampiric Draining (safe; 1% risk of failure)
Confirm with . or Enter, or press ? or * to list all spells.
Aiming: Vampiric Draining (safe; 1% risk of failure)
Press: ? - help, Shift-Dir - straight line, f - gnoll
Aim: a gnoll, wielding a +0 flail You draw life force from the gnoll.
You feel life coursing into your body. The gnoll hits you with a +0 flail!
You die...

###### .....#
####.#
####.#############
...)............@#
####.###########g#
#.# #.# #.# #.#
####)### #.#
.......#########.#
####.............#
####.########.#
#..# #.#


You could see a gnoll.

Vanquished Creatures
  Sigmund (D:3)
  A scorpion (D:3)
  Ijyb (D:3)
  7 gnolls
  4 adders
  5 dart slugs
  An orc (D:3)
  4 bats
  3 endoplasms
  2 giant cockroaches
  A goblin (D:1)
  3 hobgoblins
  8 jackals
  3 quokkas
  4 ball pythons
  5 frilled lizards
  4 kobolds
  7 rats
64 creatures vanquished.

Notes
Turn   | Place    | Note
-------+----------+-------------------------------------------
     0 | D:1      | Gabide the Mummy Necromancer began the quest for the Orb.
     0 | D:1      | Reached XP level 1. HP: 13/13 MP: 4/4
   734 | D:1      | Reached skill level 3 in Spellcasting
   775 | D:1      | Reached XP level 2. HP: 19/19 MP: 3/6
  1449 | D:1      | Reached XP level 3. HP: 25/25 MP: 3/7
  1525 | D:1      | Found a faded altar of an unknown god.
  1893 | D:2      | Reached skill level 4 in Spellcasting
  2144 | D:2      | Reached XP level 4. HP: 31/31 MP: 0/10
  2540 | D:2      | Learned a level 3 spell: Vampiric Draining
  2545 | D:2      | Learned a level 4 spell: Animate Dead
  3023 | D:3      | Noticed a scorpion
  3027 | D:3      | Killed a scorpion
  3028 | D:3      | Reached skill level 1 in Fighting
  3028 | D:3      | Reached skill level 5 in Necromancy
  3028 | D:3      | Reached XP level 5. HP: 37/37 MP: 6/12
  3078 | D:3      | Noticed Ijyb
  3120 | D:3      | Killed Ijyb
  3401 | D:3      | Noticed Sigmund
  3412 | D:3      | Killed Sigmund
  3413 | D:3      | Reached skill level 5 in Spellcasting
  3413 | D:3      | Reached XP level 6. HP: 15/44 MP: 1/14
  4261 | D:3      | Reached skill level 6 in Spellcasting
  4517 | D:4      | HP: 1/44 [gnoll/+0 halberd (8)]
  4519 | D:3      | Slain by a gnoll

Illustrated notes

Levels and vault maps discovered:
D:1:      grunt_arrival_crossed_arrows, layout_loops_cross,
          hellmonk_ecumenical_altar_arch_garden
D:2:      layout_basic, corner_web_ring, nicolae_underground_beach
D:3:      layout_basic, uniq_sigmund, uniq_ijyb
D:4:      layout_cave_pods, okawaru_metal_pillars_1_2,
          gammafunk_ghost_necromancy, grunt_decor_junction, uniq_pikel

Skill      XL: |  1  2  3  4  5  6 |
---------------+-------------------+-----
Spellcasting   | 3 4 5 6 |  6.1
Fighting       | 1 |  1.9
Dodging        | 2 |  2.3
Necromancy     | 5 |  5.6
Stealth        | |  1.6

Action                   |  1- 3 |  4- 6 || total
-------------------------+-------+-------++-------
Melee: Unarmed           |    27 |    15 ||    42
       Punch             |     1 |       ||     1
 Cast: Pain              |    91 |    69 ||   160
       Vampiric Draining |       |     9 ||     9
  Use: Scroll            |       |     1 ||     1
Armor: Robe              |    16 |    10 ||    26
Dodge: Dodged            |    32 |    24 ||    56
